Description

BO from Zest in T v P in Blizzcon. Good Macro with Gate Explosion around 5:30

VOD

https://www.youtube.com/watch?v=q6oGS0on_mo

Replay - HeRoMaRinE v Zest: Game 1 - Acid Plant LE

Build Order

Get SALT Encoding   

  12  0:00  Probe  
  13  0:12  Probe  
  14  0:17  Pylon  
  14  0:24  Probe  
  15  0:32  Probe  
  15  0:38  Gateway  
  15  0:40  Probe  
  16  0:47  Assimilator  
  17  0:51  Probe  
  18  1:03  Probe  
  19  1:15  Probe  
  20  1:25  Cybernetics Core  
  20  1:34  Nexus  
  20  1:37  Probe  
  21  1:43  Pylon  
  21  1:49  Probe  
  21  1:51  Assimilator  
  21  1:52  Adept  
  25  2:04  Warp Gate  
  25  2:09  Stalker  
  28  2:33  Stalker  
  28  2:34  Twilight Council  
  33  3:03  Stalker  
  37  3:07  Blink  
  38  3:22  Gateway  
  40  3:33  Stalker, Pylon  
  44  4:17  Robotics Facility  
  45  4:27  Nexus  
  43  4:32  Stalker x2  
  48  4:42  Forge x2  
  48  4:55  Pylon  
  48  4:56  Assimilator  
  48  4:57  Protoss Ground Weapons Level 1  
  50  5:00  Stalker x2  
  50  5:01  Charge  
  50  5:05  Protoss Ground Armor Level 1  
  54  5:09  Observer  
  54  5:13  Gateway x3  
  56  5:24  Gateway x2  
  56  5:36  Gateway  
  56  5:46  Observer  
  55  5:52  Pylon  
Spawning Tool Build Advisor. Get it on Overwolf

Analysis

It seems a good BO to follow against Terran to developp a powerful and efficient Gate Ball at 05:30.

Before that, you shouls scout to be sure you're not gonna be assaulted with some cheezsy play or an all-in because it seems weak before the gate explosion at 05:30

Go to:

Details

  • Created by: LuyiLuyi
  • Published on: Jan 09, 2019
  • Modified on: Jan 09, 2019
  • Patch: 4.7.1
Show
View Real Time Build Order
Export as new Build Order

Comments (0)

There are no comments. Be the first!

Create an account to comment!